 Dungeon Crawl Stone Soup version 0.16-a0-1276-g18860b1 (webtiles) character file.

121 Ololoev the Chucker (level 5, 0/50 HPs)
             Began as an Ogre Hunter on Oct 14, 2014.
             Succumbed to poison (a potion of poison)
             ... on level 3 of the Dungeon.
             The game lasted 00:08:27 (3629 turns).

Ololoev the Chucker (Ogre Hunter)                   Turns: 3629, Time: 00:08:27

Health: 0/50       AC:  3    Str: 17    XL:     5   Next: 5%
Magic:  5/5        EV: 15    Int: 10    God:
Gold:   161        SH:  0    Dex: 16    Spells: 0 memorised, 4 levels left

rFire  . . .     SeeInvis .     e - +1 whip (pain)
rCold  . . .     Clarity  .     d - +0 animal skin
rNeg   . . .     SustAb   .     (shield restricted)
rPois  .         Gourm    .     (helmet restricted)
rElec  .         Spirit   .     (no cloak)
rCorr  .         Warding  .     (gloves unavailable)
rMut   .         Stasis   .     (boots unavailable)
MR     .....                    (no amulet)
Stlth  ++........               (no ring)
                                (no ring)

@: confused, agile, lethally poisoned, invisible, not resistant to hostile
enchantments, unstealthy
A: unfitting armour, tough skin 1
a: no special abilities


You were on level 3 of the Dungeon.
You were not hungry.

You visited 1 branch of the dungeon, and saw 3 of its levels.

You collected 161 gold pieces.

Inventory:

Hand weapons
 e - a +1 whip of pain (weapon)
 j - a +0 blowgun
Missiles
 n - 19 poisoned needles
Armour
 d - a +0 animal skin (worn)
Scrolls
 a - a scroll of amnesia {unknown}
 b - a scroll of remove curse {unknown}
 h - 3 scrolls of identify {unknown}
 i - a scroll of magic mapping {unknown}
 l - a scroll of blinking {unknown}
 q - 2 scrolls of enchant armour {unknown}
Potions
 m - a potion of porridge
Comestibles
 f - 2 meat rations
 k - 2 bread rations
 r - a chunk of bat flesh


   Skills:
 - Level 2.6 Fighting
 + Level 3.5 Maces & Flails
 * Level 5.9 Throwing
 - Level 1.7 Dodging
 - Level 0.7 Stealth


You had 4 spell levels left.
You didn't know any spells.

Dungeon Overview and Level Annotations

Branches:
Dungeon (3/15)

Altars:

Annotations:
D:3 Nicoed's ghost, weakling DECj


Innate Abilities, Weirdness & Mutations

You are too large for most types of armour.
You have tough skin (AC +1).


Message History

* * * LOW HITPOINT WARNING * * *
You are confused.
Drink which item? (? for menu, Esc to quit)
That liquid tasted very nasty...
You are lethally poisoned!
It was a potion of poison.
* * * LOW HITPOINT WARNING * * *
You feel sick. Nicoed's ghost casts a spell at you.
The spray of energy hits you!
* * * LOW HITPOINT WARNING * * *
Drink which item? (? for menu, Esc to quit)
You feel agile all of a sudden.
It was a potion of agility.
* * * LOW HITPOINT WARNING * * *
You feel sick. Nicoed's ghost closely misses you.
Drink which item? (? for menu, Esc to quit)
You fade into invisibility!
It was a potion of invisibility.
You die...

##..[..#### ##....#
####.# #.# ### ### #.#
#.. ..# #.# #.# #.#
#.# #.# #.########
####.###.###.#.......#
#.........@)......# .
..........#...W(#.##.#
#!##.####...########.#
#.# ##.## .# ... #.#
.# #.# #.# .. #.# #'#
## #.# ... #.# .


You could see Nicoed's ghost.

Vanquished Creatures
  3 adders
  4 gnolls (D:2)
  A giant mite (D:3)
  A worm (D:2)
  An orc (D:3)
  3 ball pythons
  4 bats
  2 giant cockroaches
  6 hobgoblins
  A giant gecko (D:1)
  3 giant newts
  3 goblins
  2 jackals (D:2)
  7 kobolds
  8 rats
  A plant (D:1)
50 creatures vanquished.

Notes
Turn   | Place    | Note
--------------------------------------------------------------
     0 | D:1      | Ololoev, the Ogre Hunter, began the quest for the Orb.
     0 | D:1      | Reached XP level 1. HP: 22/22 MP: 1/1
    64 | D:1      | Reached skill level 1 in Maces & Flails
   380 | D:1      | Reached XP level 2. HP: 21/29 MP: 2/2
  1127 | D:1      | Reached skill level 5 in Throwing
  1127 | D:1      | Reached XP level 3. HP: 36/36 MP: 3/3
  1371 | D:2      | Reached XP level 4. HP: 13/44 MP: 4/4
  2008 | D:3      | Noticed Nicoed's ghost (weakling DECj)
  3390 | D:3      | Reached XP level 5. HP: 50/50 MP: 5/5
  3627 | D:3      | HP: 2/50 [Nicoed's ghost/spray of energy (6)]
  3629 | D:3      | Succumbed to poison (a potion of poison)

Action                   |  1- 3 |  4- 6 || total
-------------------------+-------+-------++-------
Melee: Whip              |   139 |   123 ||   262
       Club              |     8 |       ||     8
Throw: Large rock        |     8 |     4 ||    12
       Throwing net      |     2 |     3 ||     5
  Use: Potion            |       |     4 ||     4
 Stab: Held in net/web   |     1 |       ||     1
  Eat: Chunk             |     1 |     6 ||     7
       Pizza             |       |     1 ||     1
